 Dungeon Crawl Stone Soup version 0.30-a0-118-ga018f8e90f (webtiles) character file.

Game seed: 14198151385251250874

25127 writerjack the Severer (level 12, -8/118 HPs)
             Began as a Minotaur Berserker on Sept 13, 2022.
             Was a High Priest of Trog.
             Succumbed to Nessos's poison
             ... on level 12 of the Dungeon on Sept 14, 2022.
             The game lasted 00:34:37 (19625 turns).

writerjack the Severer (Minotaur Berserker)        Turns: 19625, Time: 00:34:37

Health: -8/118     AC: 26    Str: 26    XL:     12   Next: 86%
Magic:  11/11      EV:  8    Int:  4    God:    Trog [*****.]
Gold:   928        SH:  0    Dex: 11    Spells: 11/11 levels left

rFire   . . .      SeeInvis .    S - +3 broad axe (chaos)
rCold   . . .      Faith    +    A - orb {light}
rNeg    . . .      Spirit   .    x - +0 plate armour
rPois   .          Reflect  .    (helmet restricted)
rElec   .          Harm     .    q - +2 cloak
rCorr   .          Rampage  .    (no gloves)
Will    .....                    D - +1 pair of boots
Stlth   ..........               T - amulet of faith
HPRegen 0.29/turn                e - +4 ring of slaying
MPRegen 0.12/turn                R - +4 ring of protection

@: lethally poisoned (-8 -> -65), glowing
A: horns 2, retaliatory headbutt
a: Renounce Religion, Berserk, Trog's Hand, Brothers in Arms


You were on level 12 of the Dungeon.
You worshipped Trog.
Trog was extremely pleased with you.
You visited 1 branch of the dungeon, and saw 14 of its levels.

You collected 1047 gold pieces.
You spent 119 gold pieces at shops.

Inventory:

Hand Weapons
 a - a +0 hand axe
 G - a +0 war axe
 K - a +0 club
 L - a +0 club
 S - a +3 broad axe of chaos (weapon)
Missiles
 d - 36 poisoned darts
 i - a silver boomerang
 m - 4 silver javelins
 p - 6 boomerangs (quivered)
 M - 2 throwing nets
Armour
 f - a +0 pair of boots
 q - a +2 cloak (worn)
 x - a +0 plate armour (worn)
 A - an orb of light (worn)
 C - a +0 pair of boots
 D - a +1 pair of boots (worn)
 F - a +1 barding
Jewellery
 e - a +4 ring of slaying (left hand)
 u - a ring of positive energy
 w - a ring of positive energy
 y - a ring of flight
 I - a ring of willpower
 R - a +4 ring of protection (right hand)
 T - an amulet of faith (around neck)
 V - an amulet of the acrobat
Wands
 E - a wand of roots (11)
 N - a wand of flame (6)
 Q - a wand of paralysis (5)
Scrolls
 b - 3 scrolls of fog
 c - 4 scrolls of fear
 h - a scroll of enchant armour {unknown}
 j - 2 scrolls of amnesia
 k - 4 scrolls of blinking
 o - 6 scrolls of teleportation
 r - a scroll of vulnerability {unknown}
 H - 2 scrolls of poison {unknown}
 O - a scroll of immolation {unknown}
 U - a scroll of torment {unknown}
 Y - a scroll of identify
 Z - a scroll of acquirement {unknown}
Potions
 l - 2 potions of might
 n - a potion of brilliance {unknown}
 s - 2 potions of invisibility
 t - 8 potions of curing
 v - 2 potions of heal wounds
 z - a potion of haste
 B - 3 potions of attraction {unknown}
 J - 2 potions of flight
 P - 2 potions of degeneration {unknown}
 X - a potion of cancellation {unknown}
Miscellaneous
 g - a phantom mirror
 W - a lightning rod (4/4)


   Skills:
 + Level 14.4 Fighting
 - Level 18.0 Axes
 + Level 13.1 Armour
 - Level 2.1 Dodging


You had 11 spell levels left.
You didn't know any spells.
Your spell library was empty.

Dungeon Overview and Level Annotations

Branches:
Dungeon (14/15)            Temple (0/1) D:7            Lair (0/5) D:11
    Orc: D:9-12      Vaults: D:13-14

Altars:
Ashenzari
Elyvilon
Fedhas
Kikubaaqudgha
Makhleb
Qazlal
Ru
Trog
Uskayaw
Vehumet
Wu Jian
Xom
Zin

Shops:
D:12 (   D:13 *

Annotations:
D:12 Nessos


Innate Abilities, Weirdness & Mutations

You have a pair of horns on your head.
You reflexively headbutt those who attack you in melee.


Message History

Nessos stands on their hind legs for a moment.
Nessos shoots an arrow.
The arrow hits you. The arrow burns you.
You are poisoned.
Nessos pounds the earth with their hooves.
Nessos shoots an arrow.
The arrow hits you! The arrow burns you.
You feel sick.
Nessos shoots an arrow.
The arrow hits you but does no damage.
Nessos shoots an arrow.
The arrow hits you! The arrow burns you.
You are more poisoned.
You feel very sick.
Nessos casts a spell.
Nessos blinks!
Nessos shoots an arrow.
The arrow hits you! The arrow burns you.
You are more poisoned.
Nessos shoots an arrow.
The arrow hits you but does no damage.
You feel extremely sick.
Nessos shoots an arrow.
The arrow hits you but does no damage.
Nessos shoots an arrow.
The arrow barely misses you.
You feel very sick.
Nessos gestures wildly while chanting.
Nessos blinks!
Nessos shoots an arrow.
The arrow hits you. The arrow burns you.
You are more poisoned.
You feel extremely sick.
You feel very sick.
Nessos shoots an arrow.
The arrow hits you!
* * * LOW HITPOINT WARNING * * *
The arrow burns you.
You are lethally poisoned!
* * * LOW HITPOINT WARNING * * *
Nessos shoots an arrow.
The arrow hits you.
* * * LOW HITPOINT WARNING * * *
The arrow burns you.
You are more poisoned.
* * * LOW HITPOINT WARNING * * *
Nessos shoots an arrow.
The arrow hits you!
* * * LOW HITPOINT WARNING * * *
The arrow burns you.
You are more poisoned.
* * * LOW HITPOINT WARNING * * *
As you read the scroll of fog, it crumbles to dust.
The scroll dissolves into smoke.
You die...

.### #.# #.#
...# .#
#.########
.#.# .#
#.........
##.# .#
#.########
##.# .# #.#
##.# .. #.#
##.# #§# .#.#
#§########...
#..#
#§@§§....c.#
##.#
#§########...
#.# #§# ##.#
#.. #<.#####
#.# ........#
### #####.#.#
#


There were no monsters in sight!

Vanquished Creatures
  Jorgrun (D:13)
  Erolcha (D:12)
  3 two-headed ogres
  Urug (D:12)
  The ghost of ytrimaz the Fighter, a novice DsGl of Okawaru (D:7)
  8 skeletal warriors
  Pikel (D:5)
  A deep elf pyromancer (D:12)
  2 oklob plants (D:11)
  An ugly thing (D:11)
  Maggie (D:10)
  An unseen horror (D:11)
  A komodo dragon (D:9)
  2 gargoyles
  Psyche (D:10)
  A yaktaur (D:12)
  2 trolls
  3 hornets
  A slime creature (D:13)
  Prince Ribbit (D:5)
  3 wraiths
  A shadow (D:9)
  Sigmund (D:5)
  3 wyverns
  17 yaks
  2 steam dragons
  2 acid dragons
  4 wargs (D:10)
  Edmund (D:5)
  A water moccasin (D:7)
  An ice beast (D:7)
  8 orc warriors
  4 ogres (D:6)
  A sky beast (D:7)
  6 centaurs
  2 lemures (D:5)
  5 kobold brigands
  3 bullfrogs
  5 necrophages
  3 gnoll sergeants
  A wyvern zombie (D:7)
  4 scorpions
  3 wights
  A water moccasin zombie (D:7)
  A troll zombie (D:12)
  15 killer bees
  2 vampire bats (D:3)
  4 electric eels
  A crimson imp (D:5)
  3 jellies
  A centaur zombie (D:7)
  3 hounds
  6 orc priests
  3 gnoll boudas (D:6)
  10 iguanas
  11 orc wizards
  An ogre zombie (D:12)
  A howler monkey zombie (D:7)
  21 gnolls
  4 river rats (D:5)
  6 adders
  2 shadow imps
  2 white imps (D:5)
  An ufetubus (D:6)
  A dart slug (D:4)
  30 orcs
  2 ball pythons (D:1)
  3 bats
  4 bat skeletons (D:3)
  2 bat zombies (D:3)
  3 endoplasms
  2 giant cockroaches (D:1)
  14 goblins
  8 hobgoblins
  10 jackals
  7 quokkas
  4 frilled lizards
  33 kobolds
  2 orc zombies (D:12)
  6 rats
  4 bushes (D:7)
  A plant (D:11)
350 creatures vanquished.

Vanquished Creatures (others)
  An orc (D:8)
  A bush (D:7)
  23 plants
25 creatures vanquished.

Grand Total: 375 creatures vanquished

Notes
Turn   | Place    | Note
-------+----------+-------------------------------------------
     0 | D:1      | writerjack the Minotaur Berserker began the quest for the
                  | Orb.
     0 | D:1      | Reached XP level 1. HP: 19/19 MP: 0/0
   163 | D:1      | Reached skill level 4 in Axes
   203 | D:1      | Reached XP level 2. HP: 19/26 MP: 1/1
   502 | D:1      | Reached skill level 5 in Axes
  1043 | D:1      | Reached XP level 3. HP: 29/31 MP: 2/2
  1371 | D:1      | Reached ** piety under Trog
  1381 | D:1      | Found a faded altar of an unknown god.
  2426 | D:3      | Found a glowing silver altar of Zin.
  2608 | D:3      | Found an ancient bone altar of Kikubaaqudgha.
  2615 | D:3      | Reached skill level 6 in Axes
  2615 | D:3      | Reached XP level 4. HP: 37/39 MP: 3/3
  2616 | D:3      | Reached XP level 5. HP: 43/45 MP: 4/4
  2665 | D:3      | Reached skill level 7 in Axes
  3079 | D:5      | Entered Level 5 of the Dungeon
  3088 | D:4      | Found a sacrificial altar of Ru.
  3132 | D:4      | Reached skill level 8 in Axes
  4004 | D:4      | Reached XP level 6. HP: 44/51 MP: 5/5
  4233 | D:4      | Reached skill level 9 in Axes
  4458 | D:4      | Reached *** piety under Trog
  5192 | D:5      | Reached XP level 7. HP: 17/57 MP: 6/6
  5199 | D:5      | Reached skill level 10 in Axes
  6376 | D:5      | Found a broken altar of Ashenzari.
  6451 | D:5      | Noticed Pikel
  6477 | D:5      | Killed Pikel
  6478 | D:5      | Reached skill level 12 in Axes
  6478 | D:5      | Reached XP level 8. HP: 53/64 MP: 7/7
  6871 | D:5      | Found a burning altar of Makhleb.
  7248 | D:5      | Noticed Sigmund
  7273 | D:5      | Killed Sigmund
  7274 | D:5      | Reached skill level 13 in Axes
  7687 | D:5      | Noticed Prince Ribbit
  7703 | D:5      | Killed Prince Ribbit
  8166 | D:5      | Noticed Edmund
  8177 | D:5      | Killed Edmund
  8178 | D:5      | Reached skill level 14 in Axes
  8500 | D:6      | Reached XP level 9. HP: 67/70 MP: 8/8
  8742 | D:6      | Found a hide-covered altar of Uskayaw.
  9114 | D:6      | Reached skill level 5 in Fighting
  9611 | D:6      | You fall into a shaft and drop 3 floors!
  9632 | D:9      | Reached skill level 5 in Armour
  9767 | D:8      | Found a shimmering altar of Xom.
  9768 | D:8      | Found a shimmering altar of Xom.
 10917 | D:8      | Paralysed by a hornet for 2 turns
 11147 | D:8      | Found a shimmering altar of Xom.
 11147 | D:8      | Found a shimmering altar of Xom.
 11157 | D:8      | Reached XP level 10. HP: 73/88 MP: 9/9
 11585 | D:8      | Noticed an alligator
 11585 | D:8      | Noticed a ghost moth
 11585 | D:8      | an alligator changed into a ghost moth
 11586 | D:8      | Found a shimmering altar of Xom.
 11586 | D:8      | Found a shimmering altar of Xom.
 11586 | D:8      | Found a shimmering altar of Xom.
 11586 | D:8      | Found a shimmering altar of Xom.
 11586 | D:8      | Noticed a fire dragon
 11741 | D:7      | Reached skill level 15 in Axes
 11800 | D:7      | Found a blossoming altar of Fedhas.
 12505 | D:6      | Found a bloodstained altar of Trog.
 12575 | D:6      | Reached **** piety under Trog
 12633 | D:6      | Found an ornate altar of the Wu Jian Council.
 12643 | D:6      | Reached skill level 16 in Axes
 12886 | D:7      | Found a staircase to the Ecumenical Temple.
 12985 | D:7      | Found a runed translucent door.
 12991 | D:7      | Noticed ytrimaz's ghost (novice DsGl)
 13063 | D:7      | Killed ytrimaz's ghost
 13937 | D:9      | Noticed a two-headed ogre
 13943 | D:9      | Killed a two-headed ogre
 14264 | D:9      | Noticed a two-headed ogre
 14273 | D:9      | Killed a two-headed ogre
 14274 | D:9      | Reached skill level 10 in Fighting
 14274 | D:9      | Reached XP level 11. HP: 62/100 MP: 10/10
 14943 | D:10     | Entered Level 10 of the Dungeon
 15096 | D:10     | Found a radiant altar of Vehumet.
 15195 | D:10     | Noticed Maggie
 15206 | D:10     | Killed Maggie
 15243 | D:10     | Reached ***** piety under Trog
 15318 | D:10     | Reached skill level 10 in Armour
 15855 | D:10     | Found a white marble altar of Elyvilon.
 15856 | D:10     | Found a stormy altar of Qazlal.
 15981 | D:11     | Noticed a two-headed ogre
 15990 | D:11     | Noticed a skeletal warrior
 15990 | D:11     | Noticed a skeletal warrior
 16157 | D:10     | Noticed Psyche
 16163 | D:10     | Killed Psyche
 16258 | D:11     | Reached skill level 17 in Axes
 16271 | D:11     | Identified the +0 leather armour of the Lobster {+Blink
                  | rPois Int-5 Slay-3}
 16477 | D:11     | Killed a two-headed ogre
 16560 | D:11     | Killed a skeletal warrior
 16564 | D:11     | Killed a skeletal warrior
 16565 | D:11     | Reached skill level 18 in Axes
 16733 | D:11     | Noticed a skeletal warrior
 16745 | D:11     | Killed a skeletal warrior
 16746 | D:11     | Reached XP level 12. HP: 63/112 MP: 11/11
 17103 | D:11     | Identified the +1 robe "Gaasmup" {Regen+ Str+2}
 17293 | D:11     | Found a staircase to the Lair.
 18227 | D:12     | Noticed Urug
 18227 | D:12     | Found Qibukal's Weapon Emporium.
 18237 | D:12     | Noticed Erolcha
 18243 | D:12     | HP: 5/113 [Urug/+4 demon trident (9)]
 18646 | D:12     | Killed Erolcha
 18655 | D:12     | Killed Urug
 18917 | D:13     | Noticed Jorgrun
 18917 | D:13     | Found Enempeh's General Store.
 18928 | D:13     | Killed Jorgrun
 19012 | D:13     | Bought a potion of heal wounds for 85 gold pieces
 19012 | D:13     | Bought a scroll of identify for 34 gold pieces
 19025 | D:14     | Noticed a centaur warrior
 19617 | D:12     | Noticed Nessos
 19624 | D:12     | HP: 4/118 [Nessos/arrow (13)]
 19625 | D:12     | Succumbed to Nessos's poison

Illustrated notes

Levels and vault maps discovered:
D:1:      dpeg_arrival_morbid_curiosity, layout_basic,
          hellmonk_ecumenical_altar_zigzags
D:2:      layout_basic
D:3:      layout_basic, zin_statuary, kennysheep_vampire_church
D:4:      layout_loops_ring, nicolae_ru_sacrificial_ziggurat
D:5:      layout_gridville, mainiacjoe_overflow_surrounded_room,
          makhleb_grotto_becter, portal_sewer_entry_e, uniq_pikel, uniq_sigmund,
          uniq_prince_ribbit1, uniq_edmund
D:6:      layout_basic, nicolae_wu_jian_immortal_techniques,
          nicolae_uskayaw_dance_studio, trog_hazing_becter,
          hangedman_minor_gate_pass
D:7:      layout_basic, fedhas_altar_decomposition,
          minmay_temple_entry_glassed_door, ebering_ghost_reflecting_pool
D:8:      layout_basic, xom_shifter_show, solitary_fountain
D:9:      layout_roguey, enter_bailey_5, minmay_lizard_king
D:10:     layout_long_grid, mainiacjoe_overflow_six_doors_small,
          gammafunk_temple_overflow_pools, nooodl_orcs_dogs, uniq_maggie,
          uniq_psyche
D:11:     layout_cave_pools, dpeg_oklobed_lair
D:12:     layout_loops_ring, zombieorc2_lemuel, serial_shops, shop_statue,
          minivault_5, uniq_nessos, uniq_urug, uniq_erolcha
D:13:     layout_rooms, serial_shops, nicolae_shop_statue_plus,
          nicolae_shop_advertising_works [nicolae_subvault_shop_adworks], shop,
          shop, uniq_jorgrun
D:14:     layout_roguey, david_vaults_2, kennysheep_cross_room,
          grunt_ministairs_13

Skill      XL: |  1  2  3  4  5  6  7  8  9 10 11 12 |
---------------+-------------------------------------+-----
Axes           | 4 5 6 8 9 12 14 16 18 | 18.0
Fighting       | 7 10 11 14 | 14.4
Armour         | 7 9 10 13 | 13.1
Dodging        | |  2.1

Action                   |  1- 3 |  4- 6 |  7- 9 | 10-12 || total
-------------------------+-------+-------+-------+-------++-------
Melee: Hand axe          |    90 |    91 |   297 |       ||   478
       Headbutt          |    12 |    21 |    54 |   112 ||   199
       Punch             |       |     1 |       |       ||     1
       War axe           |       |       |     6 |   258 ||   264
       Broad axe         |       |       |       |   189 ||   189
Throw: Boomerang         |       |       |     1 |       ||     1
Invok: Berserk           |     1 |       |     8 |     6 ||    15
       Trog's Hand       |       |     1 |     2 |     2 ||     5
       Brothers in Arms  |       |       |       |     1 ||     1
  Use: Scroll            |       |       |       |    17 ||    17
 Stab: Sleeping          |     1 |       |       |       ||     1
       Distracted        |       |       |       |     1 ||     1
Armor: Animal skin       |    10 |       |       |       ||    10
       Chain mail        |    44 |    45 |    39 |       ||   128
       Plate armour      |       |       |   110 |   231 ||   341
Dodge: Dodged            |    72 |    38 |    93 |   131 ||   334

Table legend: (Time is in decaauts)
 A = Elapsed time spent in this place.
 B = Non-inter-level travel time spent in this place.
 C = Inter-level travel time spent in this place.
 D = Time resting spent in this place.
 E = Time spent auto-exploring this place.
 F = Levels seen in this place.
 G = Mean time per level.
                   A        B        C        D        E       F      G
               +--------+--------+--------+--------+--------+-----+--------+
         Total |  19554 |  19375 |    179 |   7857 |   8315 |  14 | 1396.7 |
       Dungeon |  19554 |  19375 |    179 |   7857 |   8315 |  14 | 1396.7 |
               +--------+--------+--------+--------+--------+-----+--------+

Top non-repeatable levels by time:
     D:5: 3351 daAuts
    D:11: 2354 daAuts
     D:4: 2073 daAuts
     D:1: 1857 daAuts
     D:9: 1832 daAuts
     D:8: 1655 daAuts
     D:6: 1574 daAuts
     D:7: 1460 daAuts
    D:10: 1189 daAuts
     D:3: 673 daAuts
    D:12: 595 daAuts
     D:2: 527 daAuts
    D:13: 406 daAuts
    D:14: 1 daAuts
